Map: Simulacrum LE

Players

lllllll - Winner!

  • Race: Protoss Protoss
  • League: Diamond
  • Spawn Location: 11:00

elevenS

  • Race: Zerg Zerg
  • League: Diamond
  • Spawn Location: 5:00

VOD

Have the link to the VOD?

Description

Skytoss help pls D:

Time

  • Played on: Feb. 21, 2020, 10:15 p.m.
  • Length: 23:49
Show
View Real Time Build Order
Export as new Build Order

lllllll Protoss - Winner!

Build Orders: Nexus First, Carriers 

Get SALT Encoding   

  12  0:01  Probe (Chrono Boost)  
  13  0:12  Probe (Chrono Boost)  
  14  0:17  Probe (Chrono Boost)  
  15  0:25  Pylon  
  15  0:44  Probe  
  16  0:56  Probe (Chrono Boost)  
  17  1:02  Nexus  
  17  1:08  Probe (Chrono Boost)  
  18  1:14  Probe (Chrono Boost)  
  18  1:18  Forge  
  19  1:22  Probe  
  20  1:33  Pylon  
  20  1:34  Probe  
  21  1:46  Probe  
  22  1:52  Photon Cannon  
  22  1:58  Probe (Chrono Boost)  
  23  2:10  Probe (Chrono Boost)  
  24  2:18  Probe (Chrono Boost)  
  24  2:20  Probe (Chrono Boost)  
  24  2:22  Nexus  
  26  2:25  Pylon  
  26  2:28  Probe x2 (Chrono Boost)  
  28  2:38  Probe x2  
  28  2:43  Photon Cannon  
  30  2:49  Gateway  
  30  2:50  Probe  
  31  2:53  Photon Cannon  
  31  2:59  Photon Cannon  
  31  3:01  Probe  
  31  3:04  Probe  
  33  3:13  Photon Cannon, Probe  
  33  3:16  Assimilator, Probe  
  35  3:20  Assimilator  
  35  3:25  Pylon, Probe  
  36  3:29  Probe  
  36  3:33  Photon Cannon  
  37  3:35  Probe  
  37  3:37  Probe  
  37  3:40  Cybernetics Core  
  37  3:41  Probe  
  40  3:47  Probe  
  41  3:49  Probe  
  41  3:51  Photon Cannon  
  41  3:53  Probe  
  43  4:00  Probe  
  44  4:02  Photon Cannon  
  44  4:05  Pylon  
  44  4:09  Probe x2  
  46  4:10  Assimilator  
  46  4:12  Pylon  
  46  4:18  Photon Cannon, Probe  
  46  4:21  Probe  
  46  4:24  Stargate  
  48  4:27  Probe  
  48  4:30  Probe  
  50  4:31  Photon Cannon  
  50  4:33  Assimilator  
  50  4:34  Probe  
  51  4:39  Probe  
  51  4:42  Photon Cannon, Probe  
  53  4:47  Probe  
  53  4:51  Assimilator, Probe  
  55  4:53  Assimilator  
  55  4:55  Probe  
  55  4:58  Pylon  
  55  4:59  Probe  
  57  5:04  Probe  
  58  5:07  Void Ray  
  58  5:09  Probe  
  58  5:11  Probe  
  64  5:16  Photon Cannon  
  64  5:19  Shield Battery  
  64  5:21  Pylon  
  64  5:26  Photon Cannon  
  64  5:27  Photon Cannon  
  64  5:29  Pylon  
  64  5:30  Photon Cannon  
  64  5:32  Shield Battery  
  64  5:33  Probe x2  
  66  5:41  Stargate  
  66  5:43  Stargate  
  66  5:45  Probe  
  66  5:46  Pylon  
  66  5:48  Stargate  
  67  5:52  Pylon  
  67  5:54  Void Ray  
  71  5:59  Probe x2  
  74  6:11  Probe x2  
  74  6:13  Photon Cannon  
  74  6:14  Photon Cannon  
  75  6:19  Photon Cannon  
  75  6:20  Photon Cannon  
  75  6:22  Photon Cannon  
  75  6:23  Pylon  
  75  6:25  Void Ray  
  75  6:31  Photon Cannon  
  79  6:36  Shield Battery  
  79  6:38  Pylon  
  79  6:40  Nexus  
  79  6:44  Pylon  
  79  6:46  Pylon  
  79  6:54  Shield Battery  
  79  6:56  Shield Battery  
  79  6:59  Pylon  
  79  7:04  Shield Battery  
  79  7:06  Photon Cannon  
  79  7:13  Fleet Beacon  
  79  7:16  Pylon  
  79  7:17  Void Ray x2  
  87  7:24  Pylon  
  87  7:40  Photon Cannon  
  87  7:41  Photon Cannon  
  87  7:44  Photon Cannon  
  87  7:46  Photon Cannon  
  87  7:49  Photon Cannon  
  87  7:50  Shield Battery  
  88  7:51  Probe x2  
  88  7:52  Probe  
  88  7:57  Void Ray  
  94  8:03  Probe x2  
  94  8:04  Probe  
  97  8:06  Photon Cannon  
  97  8:10  Photon Cannon  
  97  8:15  Probe x2  
  97  8:16  Probe  
  97  8:19  Void Ray  
  104  8:27  Probe x2  
  104  8:28  Probe  
  107  8:36  Nexus  
  107  8:43  Assimilator  
  107  8:44  Photon Cannon  
  107  8:59  Assimilator  
  107  9:02  Void Ray  
  107  9:03  Void Ray  
  115  9:12  Unknown  
  115  9:20  Photon Cannon  
  115  9:27  Photon Cannon  
  115  9:28  Pylon  
  115  9:31  Void Ray x2  
  123  9:49  Photon Cannon  
  123  9:50  Probe x3  
  126  10:05  Carrier  
  126  10:06  Carrier  
  140  10:14  Carrier x2  
  140  10:16  Stargate  
  140  10:19  Stargate  
  146  10:29  Photon Cannon  
  146  10:32  Shield Battery  
  146  10:36  Gateway  
  146  10:38  Gateway  
  146  10:40  Pylon x2  
  146  10:44  Gateway  
  146  10:47  Photon Cannon  
  146  10:49  Photon Cannon  
  146  11:00  Gateway  
  146  11:03  Gateway  
  146  11:04  Photon Cannon  
  146  11:09  Photon Cannon  
  146  11:11  Photon Cannon  
  146  11:12  Photon Cannon  
  146  11:13  Pylon  
  146  11:15  Shield Battery  
  146  11:16  Nexus  
  146  11:18  Pylon  
  146  11:20  Pylon  
  146  11:21  Void Ray  
  150  11:36  Cybernetics Core  
  150  11:41  Twilight Council  
  150  11:45  Photon Cannon  
  150  11:47  Photon Cannon  
  150  11:48  Protoss Air Weapons Level 1, Photon Cannon  
  150  11:49  Photon Cannon  
  150  11:52  Photon Cannon  
  150  11:56  Pylon  
  150  12:00  Carrier  
  150  12:01  Carrier  
  162  12:15  Pylon  
  162  12:18  Photon Cannon x2, Carrier  
  162  12:19  Probe  
  162  12:22  Pylon  
  169  12:30  Carrier  
  169  12:35  Probe x2  
  169  12:36  Probe x2  
  179  12:40  Photon Cannon  
  179  12:41  Photon Cannon  
  179  12:47  Cybernetics Core, Probe x2  
  179  12:49  Photon Cannon x2  
  181  12:56  Probe x3  
  184  12:59  Probe  
  184  13:02  Photon Cannon  
  184  13:04  Gateway, Photon Cannon  
  185  13:08  Gateway  
  185  13:09  Gateway  
  185  13:11  Photon Cannon  
  173  13:23  Void Ray x2  
  169  13:37  Void Ray x3  
  169  13:39  Probe x3  
  169  13:40  Probe  
  185  13:43  Photon Cannon  
  181  13:49  Gateway  
  181  13:53  Pylon, Photon Cannon  
  177  14:02  Photon Cannon x2  
  177  14:05  Gateway  
  177  14:09  Shield Battery  
  177  14:15  Void Ray, Gateway  
  181  14:18  Gateway  
  181  14:19  Gateway  
  181  14:22  Photon Cannon  
  181  14:31  Assimilator  
  181  14:34  Assimilator  
  181  14:38  Protoss Shields Level 1, Warp Gate  
  181  14:41  Dark Shrine  
  181  14:44  Pylon  
  181  14:45  Charge  
  181  14:52  Protoss Air Armor Level 1  
  181  14:53  Protoss Air Weapons Level 2  
  181  14:56  Carrier x3  
  199  15:20  Photon Cannon  
  199  15:37  Photon Cannon  
  199  15:38  Photon Cannon  
  199  15:44  Gateway  
  199  15:50  Gateway  
  199  15:51  Gateway  
  199  15:52  Photon Cannon  
  199  15:54  Pylon  
  199  15:55  Photon Cannon  
  199  15:56  Pylon  
  199  16:08  Forge  
  199  16:09  Nexus  
  199  16:10  Forge  
  195  16:11  Pylon  
  195  16:14  Pylon  
  195  16:17  Photon Cannon  
  177  16:20  Probe  
  177  16:22  Void Ray x3  
  177  16:23  Void Ray x3  
  177  16:25  Blink  
  158  16:49  Robotics Facility  
  158  16:54  Photon Cannon  
  158  16:55  Photon Cannon  
  158  16:57  Photon Cannon  
  158  16:59  Photon Cannon  
  158  17:00  Shield Battery, Photon Cannon  
  158  17:04  Shield Battery  
  158  17:05  Void Ray x4  
  174  17:10  Photon Cannon  
  174  17:12  Photon Cannon  
  174  17:13  Photon Cannon  
  174  17:15  Photon Cannon  
  174  17:17  Pylon  
  174  17:22  Photon Cannon  
  174  17:24  Photon Cannon  
  174  17:36  Assimilator  
  174  17:37  Assimilator  
  174  17:40  Shield Battery  
  174  17:46  Gateway  
  174  17:48  Gateway  
  174  17:51  Photon Cannon  
  174  17:52  Gateway  
  174  17:56  Gateway  
  174  17:57  Observer  
  175  18:02  Protoss Ground Weapons Level 1  
  175  18:03  Protoss Ground Armor Level 1  
  175  18:04  Protoss Shields Level 2  
  175  18:07  Anion Pulse-Crystals  
  175  18:16  Protoss Air Armor Level 2  
  175  18:19  Gateway  
  175  18:20  Protoss Air Weapons Level 3, Photon Cannon  
  175  18:22  Photon Cannon  
  175  18:27  Gateway  
  175  18:29  Gateway  
  157  18:49  Void Ray  
  157  18:50  Void Ray x4  
  171  19:02  Pylon  
  167  19:04  Void Ray  
  157  19:23  Dark Templar  
  155  19:24  Dark Templar x2  
  155  19:25  Dark Templar  
  161  19:32  Void Ray x2  
  161  19:33  Void Ray x2  
  172  19:46  Observer  
  172  19:47  Void Ray  
  172  19:51  Photon Cannon  
  176  19:53  Photon Cannon x2  
  176  19:56  Photon Cannon  
  176  19:57  Photon Cannon  
  176  19:59  Dark Templar, Photon Cannon  
  178  20:00  Dark Templar, Pylon  
  178  20:02  Dark Templar  
  183  20:07  Observer  
  183  20:08  Photon Cannon  
  183  20:10  Dark Templar x2  
  188  20:28  Observer  
  188  20:29  Photon Cannon  
  188  20:31  Photon Cannon  
  188  20:37  Void Ray x3  
  200  20:48  Void Ray  
  177  20:50  Observer  
  177  20:51  Dark Templar  
  177  20:52  Dark Templar  
  169  20:59  Photon Cannon  
  169  21:02  Photon Cannon  
  145  21:11  Dark Templar  
  145  21:12  Dark Templar x2  
  147  21:19  Pylon  
  147  21:24  Dark Templar x2  
  147  21:25  Dark Templar  
  153  21:41  Void Ray x2  
  153  21:45  Dark Templar  
  163  22:16  Void Ray x3  
  175  22:27  Dark Templar x6  
  169  22:46  Void Ray x2  
  179  23:00  Void Ray  
  171  23:28  Dark Templar x2  
  171  23:29  Dark Templar x2  
Show
View Real Time Build Order
Export as new Build Order

elevenS Zerg 

Build Orders: Hatch First, Swarm Host 

Get SALT Encoding   

  12  0:01  Drone  
  13  0:12  Overlord  
  13  0:18  Drone  
  14  0:30  Drone  
  14  0:31  Drone  
  16  0:49  Hatchery  
  15  0:52  Drone  
  15  0:55  Drone  
  17  0:59  Drone  
  18  1:09  Extractor  
  17  1:15  Spawning Pool  
  16  1:19  Drone  
  16  1:21  Drone  
  18  1:31  Drone  
  19  1:38  Drone  
  20  1:50  Overlord  
  20  2:02  Queen x2  
  20  2:03  Zergling x4  
  26  2:16  Drone x2  
  28  2:29  Drone x2  
  30  2:38  Hatchery  
  29  2:45  Queen  
  29  2:46  Overlord  
  29  2:49  Drone  
  29  2:50  Drone  
  33  2:54  Drone  
  33  2:57  Pneumatized Carapace  
  34  2:59  Drone  
  35  3:05  Drone  
  35  3:06  Drone  
  35  3:09  Drone  
  38  3:13  Drone x3  
  38  3:17  Overlord  
  41  3:25  Drone x2  
  41  3:26  Drone  
  44  3:28  Overlord  
  44  3:35  Overlord x2  
  44  3:43  Drone x2  
  44  3:45  Drone x2  
  44  3:46  Drone  
  48  3:51  Zergling x4  
  48  3:52  Zergling x4  
  51  3:58  Lair  
  51  3:59  Drone  
  51  4:00  Drone  
  53  4:03  Drone  
  53  4:09  Drone  
  55  4:12  Extractor, Roach Warren  
  55  4:13  Drone x2  
  55  4:15  Drone x3  
  58  4:18  Drone  
  58  4:19  Drone x2  
  58  4:20  Drone  
  58  4:21  Extractor  
  61  4:36  Drone x3  
  61  4:38  Drone x2  
  66  4:43  Drone x4  
  70  4:49  Drone x2  
  70  4:50  Drone x2, Extractor  
  73  4:58  Hatchery  
  72  5:00  Drone x2, Extractor  
  72  5:01  Drone x3, Extractor  
  72  5:05  Drone  
  72  5:06  Drone  
  77  5:11  Drone x2, Queen  
  81  5:17  Overlord x2  
  81  5:18  Overlord  
  81  5:27  Spire  
  80  5:32  Overlord x4  
  80  5:35  Queen x2  
  80  5:37  Glial Reconstitution  
  80  5:40  Drone x5  
  89  5:47  Drone, Spore Crawler x2  
  89  5:48  Drone, Spore Crawler  
  89  5:49  Drone  
  91  6:04  Roach x7  
  91  6:05  Roach x2  
  91  6:07  Roach  
  91  6:08  Roach  
  111  6:12  Drone  
  111  6:13  Queen  
  111  6:16  Spore Crawler  
  111  6:17  Drone  
  111  6:18  Drone x3  
  116  6:23  Overlord x2  
  116  6:26  Roach  
  118  6:37  Overlord  
  118  6:38  Overlord x3  
  118  6:40  Corruptor x3  
  118  6:44  Zerg Flyer Armor Level 1  
  118  6:46  Corruptor  
  126  6:49  Corruptor  
  126  6:52  Corruptor  
  130  6:56  Corruptor  
  130  6:58  Corruptor  
  130  6:59  Corruptor  
  136  7:08  Corruptor x3  
  136  7:12  Corruptor  
  144  7:15  Extractor  
  144  7:16  Extractor  
  144  7:20  Infestation Pit  
  144  7:22  Drone x4  
  145  7:23  Drone x4  
  145  7:29  Corruptor x2  
  153  7:36  Drone x2  
  153  7:37  Drone x3  
  156  7:50  Corruptor x3  
  162  7:57  Corruptor x2  
  166  8:09  Corruptor x3  
  166  8:10  Overlord x4  
  168  8:22  Corruptor  
  168  8:26  Corruptor  
  168  8:27  Corruptor  
  158  8:36  Swarm Host x3  
  158  8:37  Swarm Host  
  161  8:48  Corruptor  
  161  8:49  Corruptor  
  161  8:51  Drone x3  
  161  8:52  Drone x2  
  170  9:00  Corruptor  
  170  9:01  Corruptor x2  
  168  9:11  Corruptor x2  
  172  9:18  Corruptor  
  172  9:19  Corruptor  
  174  9:26  Hatchery  
  174  9:27  Extractor  
  174  9:28  Extractor  
  174  9:29  Corruptor  
  173  9:34  Nydus Network  
  173  9:38  Corruptor  
  174  9:42  Corruptor  
  174  9:43  Corruptor  
  178  9:51  Hive  
  178  9:56  Corruptor  
  166  10:01  Corruptor  
  160  10:07  Corruptor  
  160  10:08  Corruptor  
  160  10:10  Drone x2  
  160  10:11  Drone x3  
  160  10:14  Drone  
  166  10:15  Swarm Host x2  
  172  10:21  Corruptor  
  174  10:40  Corruptor x3  
  174  10:41  Corruptor  
  180  10:49  Corruptor x2  
  168  10:56  Hatchery  
  167  10:57  Zerg Flyer Armor Level 2  
  167  11:02  Queen  
  169  11:07  Corruptor  
  169  11:08  Corruptor  
  173  11:12  Corruptor x2  
  173  11:16  Nydus Canal  
  173  11:17  Swarm Host  
  180  11:28  Swarm Host x4  
  192  11:38  Queen, Nydus Canal  
  194  11:55  Swarm Host  
  197  12:04  Extractor  
  197  12:08  Extractor  
  185  12:09  Corruptor x4  
  185  12:10  Corruptor x4  
  185  12:15  Nydus Canal  
  199  12:41  Evolution Chamber  
  199  12:43  Evolution Chamber  
  197  12:45  Corruptor  
  199  13:48  Corruptor x3  
  199  13:53  Viper x3  
  199  13:54  Viper x3  
  197  14:02  Corruptor  
  199  14:14  Extractor, Hatchery  
  197  14:17  Extractor  
  192  14:26  Overseer x5  
  192  14:51  Zerg Ground Armor Level 1  
  192  14:58  Drone x2  
  192  14:59  Drone, Evolution Chamber  
  194  15:00  Evolution Chamber x2  
  194  15:02  Evolution Chamber  
  155  15:09  Corruptor x10  
  155  15:10  Corruptor x12  
  155  15:13  Zerg Flyer Armor Level 3  
  199  15:46  Spire  
  184  16:23  Corruptor  
  160  16:29  Corruptor  
  160  16:30  Corruptor x25  
  194  16:38  Overlord  
  194  16:39  Overlord x7  
  190  16:46  Overlord x3  
  188  17:02  Greater Spire  
  188  17:09  Zerg Ground Armor Level 2  
  188  17:32  Drone  
  188  17:33  Drone x2  
  191  17:38  Hydralisk Den  
  190  18:04  Pathogen Glands  
  190  18:10  Zerg Flyer Weapons Level 1  
  190  18:15  Brood Lord x4  
  196  18:20  Brood Lord  
  196  18:23  Brood Lord  
  193  18:36  Corruptor x4  
  193  18:37  Corruptor  
  184  18:56  Corruptor x4  
  184  18:57  Corruptor x6  
  184  19:01  Neural Parasite  
  186  19:21  Corruptor x6  
  186  19:22  Corruptor  
  176  19:45  Brood Lord x2  
  180  19:46  Extractor, Brood Lord x4  
  180  19:47  Hatchery  
  180  19:49  Corruptor x5  
  180  19:50  Corruptor x2  
  200  20:13  Lurker Den  
  199  20:43  Corruptor  
  199  20:44  Corruptor x3  
  199  20:45  Corruptor x2  
  199  20:49  Corruptor  
  185  20:50  Corruptor x9  
  185  20:51  Corruptor  
  185  20:52  Corruptor  
  178  21:09  Corruptor x3  
  180  21:29  Spore Crawler  
  180  21:30  Spore Crawler  
  178  21:33  Spore Crawler  
  178  21:35  Spore Crawler  
  178  21:38  Seismic Spines  
  176  21:58  Extractor  
  176  21:59  Hydralisk x6  
  187  22:01  Extractor  
  187  22:02  Hatchery  
  187  22:06  Hydralisk x4  
  190  22:15  Overseer x2  
  170  22:16  Spine Crawler x3  
  170  22:17  Spine Crawler  
  170  22:19  Spine Crawler x2  
  156  22:35  Lurker, Adaptive Talons  
  147  22:51  Hydralisk  
  125  23:19  Lurker  
Tags
 
Add a new tag
Caveats
  • Supply blocks, unpowered buildings, or Contaminate may cause inaccurate times.
  • Supply counts are checked every 10 seconds.